Connexion

Rampage vs Eagles

Created - 5 août 2023 at 07:38

Goals
1 2 3 OT1 T
Rampage 2 0 0 1 3
Eagles 0 1 1 0 2
Shots
1 2 3 OT1 T
Rampage 5 4 17 4 30
Eagles 8 14 11 2 35

GoalsPenalties
1st period
1. Rampage , Joseph Labate 1 (Johnny Kovacevic 1, Steven Kampfer 2) at 6:35
2. Rampage , Dmytro Timashov 1 (Josh Leivo 3, Josh Brown 1) at 11:34
Johnny Kovacevic (SAN) for Holding (Minor) at 2:03
Devante Smith-Pelly (COL) for Fighting (Major) at 7:15
Johnny Kovacevic (SAN) for Fighting (Major) at 7:15
Matt Martin (SAN) for Hooking (Minor) at 12:49
2nd period
3. Eagles , Leo Komarov 2 (Marc-Edouard Vlasic 3, David Gustafsson 1) at 17:20 (PP)
David Gustafsson (COL) for Hooking (Minor) at 0:56
Sebastien Reppo (COL) for Interference (Minor) at 5:14
Sam Carrick (SAN) for Holding (Minor) at 16:52
3rd period
4. Eagles , Devante Smith-Pelly 1 (David Gustafsson 2, Leo Komarov 3) at 6:11 (PP)
Brett Kulak (COL) for Goalie Interference (Minor) at 0:28
Curtis McKenzie (SAN) for Roughing (Minor) at 4:16
Overtime #1
5. Rampage , Eric Cornel 1 (Steven Kampfer 3, Matt Martin 3) at 3:23
No Penalty
Goalie Stats
Jon Gillies (SAN), 33 saves from 35 shots - (0,943), W, 2-1-0, 63:24 minutes
Cory Schneider (COL), 27 saves from 30 shots - (0,900), OTL, 2-1-1, 63:24 minutes
3 StarsOfficial
1 - Steven Kampfer (SAN)
2 - Joseph Labate (SAN)
3 - Dmytro Timashov (SAN)
Referees : Jean Hebert and Kyle Rehman
Linesman : Mark Shewchyk and Mike Cvik
Game Note
Devante Smith-Pelly beats up Johnny Kovacevic at 7:15 of 1st period
Finance
Level 1 -- Attendance: 1511 (75,55%) -- Ticket Income 60 440 $
Level 2 -- Attendance: 626 (62,60%) -- Ticket Income 15 650 $
Total Attendance: 2137 (71,23%)
Total Ticket Income: 76 090 $
Other Income: 15 218 $
Total Income: 91 308 $



Team Name Goals Shots Shots Attemp Shots Blocked PIM HIT PP PK FO%
Rampage 33051713240 / 3 (0%)257%
Eagles 23571611172 / 4 (50%)043%

Rampage
Player Name POS G A P +/- PIM HIT SHT SB MP PP MP PP SHT PK MP PK SHT FO% FOT
Curtis McKenzieLW0000223120:092:4311:320100% 5
Dmytro TimashovLW101102207:110:0000:00067% 3
Eric CornelC/RW1012001010:250:0000:00055% 11
Erik Gudbranson D0000040021:533:0302:5200% 0
Hudson FaschingRW0001002019:333:1403:48050% 4
Jayson MegnaRW0000003013:000:0000:0000% 2
Joey AndersonRW0000003022:072:4304:24040% 10
Johnny KovacevicD0111700012:280:0000:0000% 0
Joseph LabateLW1011044015:453:1400:0000% 0
Josh BrownD0111030125:212:5403:1300% 0
Josh LeivoRW011100307:110:0000:0000% 0
Matt MartinC/LW/RW0111224021:222:4311:11059% 22
Michael SgarbossaC0001001016:393:1400:00062% 21
Nick HoldenD0001010322:023:0303:0200% 0
Nick RitchieLW0000001014:470:0001:4700% 0
Robert HaggD0000032123:482:5423:1900% 0
Sam CarrickC0000211012:590:0000:00050% 14
Steven KampferD0222020117:060:0000:1600% 0
Eagles
Player Name POS G A P +/- PIM HIT SHT SB MP PP MP PP SHT PK MP PK SHT FO% FOT
Branden TroockRW0000016014:300:0001:01050% 2
Brayden BurkeC/LW/RW000-2033020:133:1410:56033% 3
Brett KulakD0000212023:082:5412:0500% 0
Cooper MarodyC0000001015:100:0001:41053% 15
Dan RenoufD000-1010127:042:5403:3400% 0
Daniel AudetteC000-100108:010:0001:01040% 10
David GustafssonC0220200123:503:0402:17052% 29
Devante Smith-PellyRW1010502016:303:0710:0000% 2
Gage GoncalvesC000001002:150:2900:00067% 3
Jacob PetersonC/LW000-2013018:193:1400:0000% 1
Kris RussellD000-2010012:440:0000:0000% 0
Leo KomarovLW112-1005023:223:0733:17133% 3
Marc-Edouard VlasicD0110002322:383:2702:2300% 0
Mark GiordanoD0000011123:503:2712:3700% 0
Matej PaulovicLW0000012013:290:0000:0000% 0
Sebastien ReppoRW000024004:350:0000:0000% 0
Ty EmbersonD000-2000013:590:0001:1500% 0
Tyler BozakC000-2027020:342:4821:41033% 24



Play-by-Play

1st period


0:01 of 1st period - Matt Martin wins face-off versus David Gustafsson in neutral zone.
1:22 of 1st period - Icing by Nick Holden.
1:23 of 1st period - Cooper Marody wins face-off versus Michael Sgarbossa in Rampage zone.
1:28 of 1st period - Shot by Branden Troock.
1:28 of 1st period - Shot Blocked by Nick Holden.
1:30 of 1st period - Shot by Kris Russell.
1:30 of 1st period - Shot Misses the Net.
1:52 of 1st period - Shot by Branden Troock.
1:52 of 1st period - Stopped by Jon Gillies without a rebound.
1:53 of 1st period - Tyler Bozak wins face-off versus Sam Carrick in Rampage zone.
1:56 of 1st period - Shot by Tyler Bozak.
1:56 of 1st period - Deflect By Jacob Peterson.
1:56 of 1st period - Stopped by Jon Gillies without a rebound.
1:57 of 1st period - Tyler Bozak wins face-off versus Jayson Megna in Rampage zone.
2:03 of 1st period - Minor Penalty to Johnny Kovacevic for Holding.
2:04 of 1st period - Joey Anderson wins face-off versus David Gustafsson in Rampage zone.
2:37 of 1st period - Shot by David Gustafsson.
2:37 of 1st period - Shot Misses the Net.
2:39 of 1st period - Shot by David Gustafsson.
2:39 of 1st period - Shot Misses the Net.
2:43 of 1st period - Shot by David Gustafsson.
2:43 of 1st period - Shot Misses the Net.
2:55 of 1st period - Shot by Marc-Edouard Vlasic.
2:55 of 1st period - Shot Misses the Net.
2:57 of 1st period - Shot by Mark Giordano.
2:57 of 1st period - Stopped by Jon Gillies without a rebound.
2:58 of 1st period - Hudson Fasching wins face-off versus Tyler Bozak in Rampage zone.
3:23 of 1st period - Shot by Joey Anderson.
3:23 of 1st period - Shot Blocked by Marc-Edouard Vlasic.
3:26 of 1st period - Icing by Jacob Peterson.
3:27 of 1st period - Matt Martin wins face-off versus Tyler Bozak in Eagles zone.
3:50 of 1st period - Shot by Brayden Burke.
3:50 of 1st period - Shot Misses the Net.
4:17 of 1st period - Off-side.
4:18 of 1st period - Sam Carrick wins face-off versus Devante Smith-Pelly in neutral zone.
5:26 of 1st period - Icing by Matej Paulovic.
5:27 of 1st period - Matt Martin wins face-off versus Cooper Marody in Eagles zone.
5:45 of 1st period - Shot by Curtis McKenzie.
5:45 of 1st period - Shot Misses the Net.
6:35 of 1st period - Shot by Joseph Labate.
6:35 of 1st period - Goal by Joseph Labate - Rampage : 1 - Eagles : 0.
6:36 of 1st period - Eric Cornel wins face-off versus David Gustafsson in neutral zone.
6:39 of 1st period - Brett Kulak is hit by Dmytro Timashov and loses puck.
6:45 of 1st period - Icing by David Gustafsson.
6:46 of 1st period - Dmytro Timashov wins face-off versus David Gustafsson in Eagles zone.
6:49 of 1st period - Shot by Josh Leivo.
6:49 of 1st period - Shot Misses the Net.
6:57 of 1st period - David Gustafsson is hit by Dmytro Timashov and loses puck.
7:15 of 1st period - Devante Smith-Pelly beats up Johnny Kovacevic.
7:15 of 1st period - Penalty to Devante Smith-Pelly for Fighting.
7:15 of 1st period - Penalty to Johnny Kovacevic for Fighting.
7:16 of 1st period - Matt Martin wins face-off versus Jacob Peterson in Rampage zone.
7:28 of 1st period - Brayden Burke is hit by Robert Hagg and loses puck.
7:31 of 1st period - Shot by Tyler Bozak.
7:31 of 1st period - Shot Misses the Net.
7:33 of 1st period - Shot by Kris Russell.
7:33 of 1st period - Shot Hit the Post.
7:40 of 1st period - Shot by Ty Emberson.
7:40 of 1st period - Shot Blocked by Curtis McKenzie.
7:42 of 1st period - Shot by Brayden Burke.
7:42 of 1st period - Shot Misses the Net.
7:44 of 1st period - Shot by Tyler Bozak.
7:44 of 1st period - Shot Blocked by Robert Hagg.
8:03 of 1st period - Icing by Kris Russell.
8:04 of 1st period - Michael Sgarbossa wins face-off versus Brayden Burke in Eagles zone.
8:30 of 1st period - Shot by Michael Sgarbossa.
8:30 of 1st period - Shot Misses the Net.
8:32 of 1st period - Shot by Joseph Labate.
8:32 of 1st period - Stopped by Cory Schneider with a rebound.
8:34 of 1st period - Shot by Joseph Labate.
8:34 of 1st period - Stopped by Cory Schneider without a rebound.
8:35 of 1st period - Cooper Marody wins face-off versus Sam Carrick in Eagles zone.
9:05 of 1st period - Matej Paulovic is hit by Robert Hagg and loses puck.
10:04 of 1st period - David Gustafsson is hit by Erik Gudbranson and loses puck.
10:19 of 1st period - Brett Kulak is hit by Matt Martin and loses puck.
11:32 of 1st period - Shot by Josh Leivo.
11:32 of 1st period - Stopped by Cory Schneider with a rebound.
11:34 of 1st period - Shot by Dmytro Timashov.
11:34 of 1st period - Goal by Dmytro Timashov - Rampage : 2 - Eagles : 0.
11:35 of 1st period - Daniel Audette wins face-off versus Sam Carrick in neutral zone.
12:49 of 1st period - Minor Penalty to Matt Martin for Hooking.
12:50 of 1st period - Joey Anderson wins face-off versus Tyler Bozak in Rampage zone.
13:01 of 1st period - Shot by Dan Renouf.
13:01 of 1st period - Shot Blocked by Josh Brown.
13:03 of 1st period - Shot by Tyler Bozak.
13:03 of 1st period - Stopped by Jon Gillies without a rebound.
13:04 of 1st period - Tyler Bozak wins face-off versus Joey Anderson in Rampage zone.
13:23 of 1st period - Shot by Brayden Burke.
13:23 of 1st period - Deflect By Tyler Bozak.
13:23 of 1st period - Stopped by Jon Gillies without a rebound.
13:24 of 1st period - Hudson Fasching wins face-off versus David Gustafsson in Rampage zone.
15:11 of 1st period - Shot by Branden Troock.
15:11 of 1st period - Stopped by Jon Gillies without a rebound.
15:12 of 1st period - Sam Carrick wins face-off versus Leo Komarov in Rampage zone.
16:08 of 1st period - Brett Kulak is hit by Robert Hagg and loses puck.
16:12 of 1st period - Icing by Robert Hagg.
16:13 of 1st period - Eric Cornel wins face-off versus Cooper Marody in Rampage zone.
16:46 of 1st period - Branden Troock is hit by Josh Brown and loses puck.
16:53 of 1st period - Shot by Branden Troock.
16:53 of 1st period - Stopped by Jon Gillies without a rebound.
16:54 of 1st period - Matt Martin wins face-off versus Tyler Bozak in Rampage zone.
16:54 of 1st period - Matt Martin is hit by Tyler Bozak.
17:15 of 1st period - Shot by Tyler Bozak.
17:15 of 1st period - Deflect By Brayden Burke.
17:15 of 1st period - Shot Misses the Net.
17:17 of 1st period - Shot by Tyler Bozak.
17:17 of 1st period - Shot Misses the Net.
17:26 of 1st period - Brayden Burke is hit by Steven Kampfer and loses puck.
18:04 of 1st period - Shot by Joseph Labate.
18:04 of 1st period - Shot Misses the Net.
18:14 of 1st period - Mark Giordano is hit by Erik Gudbranson and loses puck.
18:18 of 1st period - Icing by Nick Holden.
18:19 of 1st period - Cooper Marody wins face-off versus Hudson Fasching in Rampage zone.
18:53 of 1st period - Shot by Dan Renouf.
18:53 of 1st period - Shot Misses the Net.
18:55 of 1st period - Shot by Dan Renouf.
18:55 of 1st period - Shot Blocked by Nick Holden.
19:34 of 1st period - Icing by Kris Russell.
19:35 of 1st period - Matt Martin wins face-off versus Tyler Bozak in Eagles zone.
19:57 of 1st period - Shot by Brayden Burke.
19:57 of 1st period - Stopped by Jon Gillies without a rebound.
19:58 of 1st period - Sam Carrick wins face-off versus David Gustafsson in Rampage zone.
Goals for this period are 2 for Rampage vs 0 for Eagles.
Shots for this period are 5 for Rampage vs 8 for Eagles.

2nd period


0:01 of 2nd period - David Gustafsson wins face-off versus Matt Martin in neutral zone.
0:20 of 2nd period - Shot by Joey Anderson.
0:20 of 2nd period - Deflect By Matt Martin.
0:20 of 2nd period - Stopped by Cory Schneider without a rebound.
0:21 of 2nd period - Brayden Burke wins face-off versus Michael Sgarbossa in Eagles zone.
0:28 of 2nd period - Shot by Brayden Burke.
0:28 of 2nd period - Stopped by Jon Gillies with a rebound.
0:30 of 2nd period - Shot by Tyler Bozak.
0:30 of 2nd period - Stopped by Jon Gillies without a rebound.
0:31 of 2nd period - David Gustafsson wins face-off versus Matt Martin in Rampage zone.
0:37 of 2nd period - Icing by Josh Brown.
0:38 of 2nd period - David Gustafsson wins face-off versus Matt Martin in Rampage zone.
0:56 of 2nd period - Minor Penalty to David Gustafsson for Hooking.
0:57 of 2nd period - Branden Troock wins face-off versus Michael Sgarbossa in Eagles zone.
2:34 of 2nd period - Shot by Curtis McKenzie.
2:34 of 2nd period - Stopped by Cory Schneider without a rebound.
2:35 of 2nd period - Matt Martin wins face-off versus Branden Troock in Eagles zone.
2:38 of 2nd period - Shot by Curtis McKenzie.
2:38 of 2nd period - Deflect By Joey Anderson.
2:38 of 2nd period - Shot Misses the Net.
3:13 of 2nd period - Icing by Kris Russell.
3:14 of 2nd period - Cooper Marody wins face-off versus Eric Cornel in Eagles zone.
3:30 of 2nd period - Shot by Cooper Marody.
3:30 of 2nd period - Stopped by Jon Gillies without a rebound.
3:31 of 2nd period - David Gustafsson wins face-off versus Sam Carrick in Rampage zone.
4:09 of 2nd period - Off-side.
4:10 of 2nd period - Tyler Bozak wins face-off versus Matt Martin in neutral zone.
5:08 of 2nd period - Icing by Johnny Kovacevic.
5:09 of 2nd period - Michael Sgarbossa wins face-off versus Daniel Audette in Rampage zone.
5:09 of 2nd period - Michael Sgarbossa is hit by Sebastien Reppo.
5:14 of 2nd period - Minor Penalty to Sebastien Reppo for Interference.
5:15 of 2nd period - David Gustafsson wins face-off versus Michael Sgarbossa in Eagles zone.
6:17 of 2nd period - Icing by Nick Holden.
6:18 of 2nd period - Matt Martin wins face-off versus Tyler Bozak in Rampage zone.
7:01 of 2nd period - Icing by Josh Brown.
7:02 of 2nd period - Michael Sgarbossa wins face-off versus David Gustafsson in Rampage zone.
7:41 of 2nd period - Shot by Matej Paulovic.
7:41 of 2nd period - Stopped by Jon Gillies without a rebound.
7:42 of 2nd period - Eric Cornel wins face-off versus Brayden Burke in Rampage zone.
7:44 of 2nd period - Icing by Robert Hagg.
7:45 of 2nd period - Tyler Bozak wins face-off versus Eric Cornel in Rampage zone.
7:50 of 2nd period - Shot by Tyler Bozak.
7:50 of 2nd period - Shot Misses the Net.
7:52 of 2nd period - Shot by Jacob Peterson.
7:52 of 2nd period - Shot Misses the Net.
8:00 of 2nd period - Shot by Jacob Peterson.
8:00 of 2nd period - Shot Misses the Net.
8:12 of 2nd period - Shot by Brayden Burke.
8:12 of 2nd period - Shot Misses the Net.
8:14 of 2nd period - Shot by Brett Kulak.
8:14 of 2nd period - Stopped by Jon Gillies without a rebound.
8:15 of 2nd period - Matt Martin wins face-off versus David Gustafsson in Rampage zone.
9:11 of 2nd period - Shot by Branden Troock.
9:11 of 2nd period - Shot Blocked by Nick Holden.
10:07 of 2nd period - Robert Hagg is hit by Jacob Peterson and loses puck.
10:18 of 2nd period - Shot by Jacob Peterson.
10:18 of 2nd period - Stopped by Jon Gillies without a rebound.
10:19 of 2nd period - Sam Carrick wins face-off versus Daniel Audette in Rampage zone.
10:19 of 2nd period - Sam Carrick is hit by Sebastien Reppo.
10:25 of 2nd period - Sam Carrick is hit by Sebastien Reppo and loses puck.
10:37 of 2nd period - Johnny Kovacevic is hit by Sebastien Reppo and loses puck.
10:52 of 2nd period - Daniel Audette is hit by Sam Carrick and loses puck.
11:04 of 2nd period - Icing by Mark Giordano.
11:05 of 2nd period - Michael Sgarbossa wins face-off versus Daniel Audette in Eagles zone.
11:22 of 2nd period - Brayden Burke is hit by Joseph Labate and loses puck.
11:46 of 2nd period - Shot by Jacob Peterson.
11:46 of 2nd period - Shot Misses the Net.
11:48 of 2nd period - Shot by Tyler Bozak.
11:48 of 2nd period - Stopped by Jon Gillies with a rebound.
12:08 of 2nd period - Josh Brown is hit by Matej Paulovic and loses puck.
12:13 of 2nd period - Shot by Matej Paulovic.
12:13 of 2nd period - Stopped by Jon Gillies with a rebound.
12:39 of 2nd period - Shot by Branden Troock.
12:39 of 2nd period - Shot Misses the Net.
12:41 of 2nd period - Shot by Branden Troock.
12:41 of 2nd period - Stopped by Jon Gillies without a rebound.
12:42 of 2nd period - Sam Carrick wins face-off versus David Gustafsson in Rampage zone.
12:44 of 2nd period - Icing by Johnny Kovacevic.
12:45 of 2nd period - Sam Carrick wins face-off versus David Gustafsson in Rampage zone.
12:52 of 2nd period - Shot by Johnny Kovacevic.
12:52 of 2nd period - Deflect By Nick Ritchie.
12:52 of 2nd period - Stopped by Cory Schneider with a rebound.
12:54 of 2nd period - Shot by Nick Ritchie.
12:54 of 2nd period - Shot Blocked by Marc-Edouard Vlasic.
12:56 of 2nd period - Shot by Johnny Kovacevic.
12:56 of 2nd period - Shot Misses the Net.
12:58 of 2nd period - Shot by Jayson Megna.
12:58 of 2nd period - Shot Blocked by David Gustafsson.
13:14 of 2nd period - Shot by David Gustafsson.
13:14 of 2nd period - Shot Misses the Net.
13:20 of 2nd period - Shot by Jayson Megna.
13:20 of 2nd period - Stopped by Cory Schneider with a rebound.
13:58 of 2nd period - Icing by Mark Giordano.
13:59 of 2nd period - David Gustafsson wins face-off versus Dmytro Timashov in Eagles zone.
14:17 of 2nd period - Josh Leivo is hit by Dan Renouf and loses puck.
14:25 of 2nd period - Jacob Peterson is hit by Nick Holden.
14:47 of 2nd period - Shot by Tyler Bozak.
14:47 of 2nd period - Stopped by Jon Gillies without a rebound.
14:48 of 2nd period - Curtis McKenzie wins face-off versus Cooper Marody in Rampage zone.
14:48 of 2nd period - Josh Brown is hit by Branden Troock.
14:56 of 2nd period - Shot by Matt Martin.
14:56 of 2nd period - Shot Misses the Net.
15:11 of 2nd period - Robert Hagg is hit by Kris Russell and loses puck.
15:24 of 2nd period - Shot by Cooper Marody.
15:24 of 2nd period - Shot Hit the Post.
15:26 of 2nd period - Shot by Branden Troock.
15:26 of 2nd period - Stopped by Jon Gillies without a rebound.
15:27 of 2nd period - Michael Sgarbossa wins face-off versus Tyler Bozak in Rampage zone.
16:47 of 2nd period - Shot by Sam Carrick.
16:47 of 2nd period - Shot Misses the Net.
16:49 of 2nd period - Shot by Nick Holden.
16:49 of 2nd period - Shot Blocked by Marc-Edouard Vlasic.
16:52 of 2nd period - Minor Penalty to Sam Carrick for Holding.
16:53 of 2nd period - David Gustafsson wins face-off versus Joey Anderson in Rampage zone.
17:04 of 2nd period - Shot by Leo Komarov.
17:04 of 2nd period - Stopped by Jon Gillies without a rebound.
17:05 of 2nd period - David Gustafsson wins face-off versus Joey Anderson in Rampage zone.
17:16 of 2nd period - Shot by Leo Komarov.
17:16 of 2nd period - Stopped by Jon Gillies without a rebound.
17:17 of 2nd period - David Gustafsson wins face-off versus Joey Anderson in Rampage zone.
17:18 of 2nd period - Shot by Marc-Edouard Vlasic.
17:18 of 2nd period - Shot Misses the Net.
17:20 of 2nd period - Shot by Leo Komarov.
17:20 of 2nd period - Goal by Leo Komarov - Rampage : 2 - Eagles : 1.
17:21 of 2nd period - Cooper Marody wins face-off versus Matt Martin in neutral zone.
18:03 of 2nd period - Icing by Ty Emberson.
18:04 of 2nd period - Cooper Marody wins face-off versus Michael Sgarbossa in Eagles zone.
18:04 of 2nd period - Cooper Marody is hit by Joseph Labate.
18:33 of 2nd period - Shot by Joseph Labate.
18:33 of 2nd period - Shot Misses the Net.
18:36 of 2nd period - Icing by Ty Emberson.
18:37 of 2nd period - Sam Carrick wins face-off versus Cooper Marody in Eagles zone.
19:18 of 2nd period - Leo Komarov is hit by Steven Kampfer.
Goals for this period are 0 for Rampage vs 1 for Eagles.
Shots for this period are 4 for Rampage vs 14 for Eagles.

3rd period


0:01 of 3rd period - David Gustafsson wins face-off versus Matt Martin in neutral zone.
0:07 of 3rd period - David Gustafsson is hit by Josh Brown and loses puck.
0:14 of 3rd period - Shot by Joey Anderson.
0:14 of 3rd period - Stopped by Cory Schneider without a rebound.
0:15 of 3rd period - Michael Sgarbossa wins face-off versus Tyler Bozak in Eagles zone.
0:18 of 3rd period - Shot by Hudson Fasching.
0:18 of 3rd period - Stopped by Cory Schneider without a rebound.
0:19 of 3rd period - David Gustafsson wins face-off versus Matt Martin in Eagles zone.
0:19 of 3rd period - David Gustafsson is hit by Matt Martin.
0:28 of 3rd period - Minor Penalty to Brett Kulak for Goalie Interference.
0:29 of 3rd period - Matt Martin wins face-off versus David Gustafsson in Eagles zone.
0:38 of 3rd period - Shot by Curtis McKenzie.
0:38 of 3rd period - Shot Blocked by Dan Renouf.
0:44 of 3rd period - Shot by Robert Hagg.
0:44 of 3rd period - Shot Misses the Net.
0:46 of 3rd period - Shot by Matt Martin.
0:46 of 3rd period - Stopped by Cory Schneider with a rebound.
0:52 of 3rd period - Shot by Robert Hagg.
0:52 of 3rd period - Stopped by Cory Schneider with a rebound.
0:54 of 3rd period - Shot by Robert Hagg.
0:54 of 3rd period - Stopped by Cory Schneider with a rebound.
1:46 of 3rd period - Shot by Leo Komarov.
1:46 of 3rd period - Stopped by Jon Gillies without a rebound.
1:47 of 3rd period - Tyler Bozak wins face-off versus Michael Sgarbossa in Rampage zone.
2:42 of 3rd period - Shot by Sebastien Reppo.
2:42 of 3rd period - Shot Misses the Net.
3:50 of 3rd period - Robert Hagg is hit by Brayden Burke and loses puck.
4:06 of 3rd period - Nick Ritchie is hit by Brett Kulak and loses puck.
4:16 of 3rd period - Minor Penalty to Curtis McKenzie for Roughing.
4:17 of 3rd period - Joey Anderson wins face-off versus David Gustafsson in Rampage zone.
4:33 of 3rd period - Shot by Devante Smith-Pelly.
4:33 of 3rd period - Shot Misses the Net.
5:21 of 3rd period - Shot by Brayden Burke.
5:21 of 3rd period - Stopped by Jon Gillies without a rebound.
5:22 of 3rd period - Matt Martin wins face-off versus Gage Goncalves in Rampage zone.
5:32 of 3rd period - Icing by Brett Kulak.
5:33 of 3rd period - Gage Goncalves wins face-off versus Joey Anderson in Eagles zone.
5:40 of 3rd period - Robert Hagg is hit by Gage Goncalves and loses puck.
5:45 of 3rd period - Shot by Jacob Peterson.
5:45 of 3rd period - Shot Misses the Net.
5:47 of 3rd period - Shot by Brett Kulak.
5:47 of 3rd period - Stopped by Jon Gillies without a rebound.
5:48 of 3rd period - David Gustafsson wins face-off versus Joey Anderson in Rampage zone.
6:11 of 3rd period - Shot by Devante Smith-Pelly.
6:11 of 3rd period - Goal by Devante Smith-Pelly - Rampage : 2 - Eagles : 2.
6:12 of 3rd period - Cooper Marody wins face-off versus Sam Carrick in neutral zone.
6:21 of 3rd period - Shot by Sam Carrick.
6:21 of 3rd period - Stopped by Cory Schneider without a rebound.
6:22 of 3rd period - Eric Cornel wins face-off versus Tyler Bozak in Eagles zone.
6:22 of 3rd period - Eric Cornel is hit by Mark Giordano.
6:44 of 3rd period - Shot by Dmytro Timashov.
6:44 of 3rd period - Stopped by Cory Schneider with a rebound.
7:33 of 3rd period - Shot by Jayson Megna.
7:33 of 3rd period - Stopped by Cory Schneider with a rebound.
8:06 of 3rd period - Off-side.
8:07 of 3rd period - Matt Martin wins face-off versus Cooper Marody in neutral zone.
8:19 of 3rd period - Shot by Joey Anderson.
8:19 of 3rd period - Stopped by Cory Schneider without a rebound.
8:20 of 3rd period - Cooper Marody wins face-off versus Hudson Fasching in Eagles zone.
8:20 of 3rd period - Cooper Marody is hit by Joseph Labate.
8:52 of 3rd period - Branden Troock is hit by Josh Brown and loses puck.
8:56 of 3rd period - Icing by Hudson Fasching.
8:57 of 3rd period - Michael Sgarbossa wins face-off versus Devante Smith-Pelly in Rampage zone.
9:15 of 3rd period - Shot by David Gustafsson.
9:15 of 3rd period - Deflect By Leo Komarov.
9:15 of 3rd period - Stopped by Jon Gillies without a rebound.
9:16 of 3rd period - Matt Martin wins face-off versus Tyler Bozak in Rampage zone.
9:16 of 3rd period - Matt Martin is hit by Tyler Bozak.
9:39 of 3rd period - Icing by Nick Holden.
9:40 of 3rd period - Joey Anderson wins face-off versus David Gustafsson in Rampage zone.
9:48 of 3rd period - Off-side.
9:49 of 3rd period - David Gustafsson wins face-off versus Sam Carrick in neutral zone.
9:52 of 3rd period - Shot by Devante Smith-Pelly.
9:52 of 3rd period - Stopped by Jon Gillies without a rebound.
9:53 of 3rd period - David Gustafsson wins face-off versus Michael Sgarbossa in Rampage zone.
10:14 of 3rd period - Shot by Hudson Fasching.
10:14 of 3rd period - Deflect By Michael Sgarbossa.
10:14 of 3rd period - Stopped by Cory Schneider without a rebound.
10:15 of 3rd period - Tyler Bozak wins face-off versus Matt Martin in Eagles zone.
10:15 of 3rd period - Jacob Peterson is hit by Curtis McKenzie and loses puck.
10:45 of 3rd period - Shot by Brayden Burke.
10:45 of 3rd period - Deflect By Tyler Bozak.
10:45 of 3rd period - Stopped by Jon Gillies without a rebound.
10:46 of 3rd period - Michael Sgarbossa wins face-off versus David Gustafsson in Rampage zone.
11:06 of 3rd period - Icing by Brett Kulak.
11:07 of 3rd period - David Gustafsson wins face-off versus Sam Carrick in Eagles zone.
12:17 of 3rd period - Shot by Matt Martin.
12:17 of 3rd period - Stopped by Cory Schneider with a rebound.
12:19 of 3rd period - Shot by Matt Martin.
12:19 of 3rd period - Shot Misses the Net.
12:27 of 3rd period - Shot by Joey Anderson.
12:27 of 3rd period - Stopped by Cory Schneider without a rebound.
12:28 of 3rd period - Michael Sgarbossa wins face-off versus Cooper Marody in Eagles zone.
12:41 of 3rd period - Shot by Joseph Labate.
12:41 of 3rd period - Stopped by Cory Schneider with a rebound.
12:50 of 3rd period - Cooper Marody is hit by Erik Gudbranson and loses puck.
13:00 of 3rd period - Off-side.
13:01 of 3rd period - Dmytro Timashov wins face-off versus Tyler Bozak in neutral zone.
13:01 of 3rd period - Dmytro Timashov is hit by Brayden Burke.
13:09 of 3rd period - Shot by Eric Cornel.
13:09 of 3rd period - Shot Blocked by Mark Giordano.
13:11 of 3rd period - Shot by Josh Leivo.
13:11 of 3rd period - Deflect By Eric Cornel.
13:11 of 3rd period - Shot Misses the Net.
13:17 of 3rd period - Shot by Josh Leivo.
13:17 of 3rd period - Stopped by Cory Schneider without a rebound.
13:18 of 3rd period - Daniel Audette wins face-off versus Matt Martin in Eagles zone.
13:44 of 3rd period - Off-side.
13:45 of 3rd period - Michael Sgarbossa wins face-off versus Tyler Bozak in neutral zone.
13:48 of 3rd period - Shot by Hudson Fasching.
13:48 of 3rd period - Stopped by Cory Schneider without a rebound.
13:49 of 3rd period - Michael Sgarbossa wins face-off versus Tyler Bozak in Eagles zone.
14:27 of 3rd period - Shot by Jacob Peterson.
14:27 of 3rd period - Shot Misses the Net.
14:41 of 3rd period - Brayden Burke is hit by Curtis McKenzie and loses puck.
14:46 of 3rd period - Shot by Joey Anderson.
14:46 of 3rd period - Deflect By Curtis McKenzie.
14:46 of 3rd period - Shot Misses the Net.
15:11 of 3rd period - Devante Smith-Pelly is hit by Erik Gudbranson and loses puck.
15:28 of 3rd period - Shot by Jayson Megna.
15:28 of 3rd period - Shot Misses the Net.
15:48 of 3rd period - Shot by Jayson Megna.
15:48 of 3rd period - Stopped by Cory Schneider with a rebound.
16:26 of 3rd period - Shot by Josh Leivo.
16:26 of 3rd period - Stopped by Cory Schneider without a rebound.
16:27 of 3rd period - Michael Sgarbossa wins face-off versus Cooper Marody in Eagles zone.
16:36 of 3rd period - Shot by Cooper Marody.
16:36 of 3rd period - Shot Misses the Net.
16:38 of 3rd period - Shot by Cooper Marody.
16:38 of 3rd period - Shot Misses the Net.
16:40 of 3rd period - Shot by Kris Russell.
16:40 of 3rd period - Shot Misses the Net.
16:48 of 3rd period - Shot by Branden Troock.
16:48 of 3rd period - Stopped by Jon Gillies with a rebound.
17:30 of 3rd period - Tyler Bozak is hit by Joseph Labate and loses puck.
19:09 of 3rd period - Icing by Mark Giordano.
19:10 of 3rd period - Gage Goncalves wins face-off versus Jayson Megna in Eagles zone.
19:32 of 3rd period - Shot by Devante Smith-Pelly.
19:32 of 3rd period - Shot Hit the Post.
19:34 of 3rd period - Shot by Marc-Edouard Vlasic.
19:34 of 3rd period - Stopped by Jon Gillies with a rebound.
19:36 of 3rd period - Shot by Marc-Edouard Vlasic.
19:36 of 3rd period - Stopped by Jon Gillies without a rebound.
19:37 of 3rd period - Eric Cornel wins face-off versus Tyler Bozak in Rampage zone.
19:37 of 3rd period - Eric Cornel is hit by Brayden Burke.
19:55 of 3rd period - Shot by Jacob Peterson.
19:55 of 3rd period - Stopped by Jon Gillies without a rebound.
19:56 of 3rd period - Daniel Audette wins face-off versus Michael Sgarbossa in Rampage zone.
Goals for this period are 0 for Rampage vs 1 for Eagles.
Shots for this period are 17 for Rampage vs 11 for Eagles.

Overtime #1


0:01 of 1st overtime period - Leo Komarov wins face-off versus Eric Cornel in neutral zone.
0:50 of 1st overtime period - Off-side.
0:51 of 1st overtime period - Eric Cornel wins face-off versus Daniel Audette in neutral zone.
1:02 of 1st overtime period - Shot by Daniel Audette.
1:02 of 1st overtime period - Stopped by Jon Gillies without a rebound.
1:03 of 1st overtime period - Curtis McKenzie wins face-off versus Leo Komarov in Rampage zone.
1:15 of 1st overtime period - Off-side.
1:16 of 1st overtime period - Tyler Bozak wins face-off versus Eric Cornel in neutral zone.
1:31 of 1st overtime period - Shot by Tyler Bozak.
1:31 of 1st overtime period - Shot Blocked by Steven Kampfer.
1:35 of 1st overtime period - Shot by Tyler Bozak.
1:35 of 1st overtime period - Stopped by Jon Gillies without a rebound.
1:36 of 1st overtime period - Michael Sgarbossa wins face-off versus Daniel Audette in Rampage zone.
1:43 of 1st overtime period - Shot by Michael Sgarbossa.
1:43 of 1st overtime period - Deflect By Matt Martin.
1:43 of 1st overtime period - Stopped by Cory Schneider with a rebound.
2:27 of 1st overtime period - Icing by Tyler Bozak.
2:28 of 1st overtime period - Curtis McKenzie wins face-off versus Tyler Bozak in Eagles zone.
2:33 of 1st overtime period - Shot by Curtis McKenzie.
2:33 of 1st overtime period - Shot Misses the Net.
2:36 of 1st overtime period - Icing by Leo Komarov.
2:37 of 1st overtime period - Curtis McKenzie wins face-off versus Tyler Bozak in Eagles zone.
2:53 of 1st overtime period - Shot by Curtis McKenzie.
2:53 of 1st overtime period - Stopped by Cory Schneider without a rebound.
2:54 of 1st overtime period - Curtis McKenzie wins face-off versus Daniel Audette in Eagles zone.
3:01 of 1st overtime period - Shot by Curtis McKenzie.
3:01 of 1st overtime period - Stopped by Cory Schneider without a rebound.
3:02 of 1st overtime period - Daniel Audette wins face-off versus Eric Cornel in Eagles zone.
3:23 of 1st overtime period - Shot by Eric Cornel.
3:23 of 1st overtime period - Goal by Eric Cornel - Rampage : 3 - Eagles : 2.
Goals for this period are 1 for Rampage vs 0 for Eagles.
Shots for this period are 4 for Rampage vs 2 for Eagles.